 Dungeon Crawl Stone Soup version 0.22-a0-305-gd21a89c (webtiles) character file.

183 Borgoz the Skirmisher (level 5, -3/45 (46) HPs)
             Began as a Ghoul Abyssal Knight on Mar 31, 2018.
             Was a Believer of Lugonu.
             Slain by a slave (6 damage)
             ... led by Pikel
             ... on level 3 of the Dungeon.
             The game lasted 00:06:18 (3167 turns).

Borgoz the Skirmisher (Ghoul Abyssal Knight)        Turns: 3167, Time: 00:06:18

HP:   -3/45 (46)    AC:  6    Str: 21    XL:     5   Next: 62%
MP:   6/6           EV: 10    Int:  7    God:    Lugonu [**....]
Gold: 194           SH:  0    Dex:  9    Spells: 4/4 levels left

rFire    . . .     SeeInvis .     - Unarmed
rCold    + . .     Gourm    .   (no shield)
rNeg     + + +     Faith    .   m - +0 scale mail {rPois}
rPois    ∞         Spirit   .   k - +0 hat
rElec    .         Reflect  .   (no cloak)
rCorr    .         Harm     .   (no gloves)
MR       .....                  (no boots)
Stlth    ..........             (no amulet)
HPRegen  0.00/turn              (no ring)
MPRegen  0.10/turn              (no ring)

@: mighty, rotting
A: rotting body, claws 1, carnivore, cold resistance 1, negative energy
resistance 3, inhibited regeneration, torment resistance, unbreathing
a: Depart the Abyss, Bend Space, Renounce Religion


You were on level 3 of the Dungeon.
You worshipped Lugonu.
Lugonu was pleased with you.
You were not hungry.

You visited 1 branch of the dungeon, and saw 4 of its levels.
You visited the Abyss 1 time.

You collected 194 gold pieces.

Inventory:

Armour
 k - a +0 hat (worn)
 m - a +0 scale mail of poison resistance (worn)
Jewellery
 h - an uncursed ring of ice
 s - an uncursed ring of poison resistance {unknown}
Wands
 r - a wand of digging (13)
Scrolls
 a - a scroll of blinking {unknown}
 c - a scroll of enchant armour
 e - a scroll of enchant weapon {unknown}
 g - a scroll of teleportation {unknown}
 j - a scroll of fog {unknown}
 n - 3 scrolls of remove curse
 o - 2 scrolls of amnesia {unknown}
 q - a scroll of fear {unknown}
 u - 2 scrolls of identify {unknown}
Potions
 f - a potion of curing
 l - a potion of lignification {unknown}
 p - a potion of heal wounds
 t - a potion of magic {unknown}
Comestibles
 b - 6 rations


   Skills:
 + Level 4.2 Fighting
 + Level 2.7 Armour
 + Level 2.1 Dodging
 + Level 3.3 Unarmed Combat
 + Level 3.2 Invocations


You had 4 spell levels left.
You didn't know any spells.

Dungeon Overview and Level Annotations

Branches:
Dungeon (4/15)
 Temple: D:4-7

Altars:
Qazlal

Annotations:
D:4 Pikel


Innate Abilities, Weirdness & Mutations

Your body is rotting away.
You thrive on raw meat.
You are immune to poison.
You have sharp fingernails.
You are carnivorous and can eat meat at any time.
Your flesh is cold resistant. (rC+)
You are immune to negative energy. (rN+++)
You do not regenerate when monsters are visible.
You are immune to unholy pain and torment.
You can survive without breathing.


Message History

The slave hits you.
* * * LOW HITPOINT WARNING * * *
The slave completely misses you.
You closely miss the slave.
The slave is heavily wounded.
The slave hits you.
* * * LOW HITPOINT WARNING * * *
The slave hits you.
* * * LOW HITPOINT WARNING * * *
Your scale mail prevents you from hitting the slave.
The slave is heavily wounded.
The slave barely misses you. The slave hits you.
* * * LOW HITPOINT WARNING * * *
Your scale mail prevents you from hitting the slave.
The slave is heavily wounded.
The slave barely misses you.
You closely miss the slave.
The slave is heavily wounded.
The slave hits you.
You die...

######### ##
#p..p...# ...g
#p#####.#..###
#@####.......#
##p##....###......
#.p.#.#...# ..##.#
#.#...#..#.....##..
#........##... ....
####p####.## ##.#
#.. #.......#...
###..
#.##.##p###...
#.... # ##.##.# ...
.#..#.


You could see 4 slaves.

Vanquished Creatures
  A centaur skeleton (D:3)
  An orc wizard (D:3)
  An iguana (D:4)
  An adder (D:2)
  2 gnolls
  A dart slug (D:2)
  6 leopard geckos
  4 orcs (D:3)
  A giant cockroach (D:1)
  7 goblins
  5 hobgoblins
  5 jackals (D:2)
  7 kobolds
  A ball python (D:2)
  6 bats
  4 frilled lizards
  9 rats
62 creatures vanquished.

Notes
Turn   | Place    | Note
-------+----------+-------------------------------------------
     0 | Abyss:1  | Borgoz the Ghoul Abyssal Knight began the quest for the Orb.
     0 | Abyss:1  | Reached XP level 1. HP: 19/19 MP: 1/1
    62 | Abyss:1  | Noticed a starcursed mass
    63 | D:1      | Escaped the Abyss
   242 | D:1      | Reached skill level 1 in Dodging
   324 | D:1      | Reached XP level 2. HP: 26/26 MP: 2/2
   337 | D:1      | Reached * piety under Lugonu
   755 | D:1      | Reached XP level 3. HP: 30/30 MP: 3/3
  1694 | D:2      | Reached ** piety under Lugonu
  1854 | D:2      | Reached XP level 4. HP: 33/40 MP: 4/4
  1887 | D:2      | Found a stormy altar of Qazlal.
  2318 | D:3      | Reached skill level 4 in Fighting
  2721 | D:4      | Reached XP level 5. HP: 31/46 MP: 6/6
  3012 | D:4      | Noticed an ogre
  3086 | D:4      | Noticed Pikel
  3086 | D:4      | Noticed a slave
  3086 | D:4      | Noticed a slave
  3086 | D:4      | Noticed a slave
  3086 | D:4      | Noticed a slave
  3167 | D:3      | Slain by a slave

Vault maps used:
D:1:      lightli_arrival_statue_moat, minivault_4, minmay_misc_feat_rows
D:2:      nicolae_qazlal_eye_of_the_storm
D:4:      okawaru_trees_2, gammafunk_temple_overflow_wave, first_ration,
          serial_shops, shop, shop, eino_small_chamber_without_monster,
          uniq_pikel, uniq_edmund, uniq_grinder, uniq_menkaure

Skill      XL: |  1  2  3  4  5 |
---------------+----------------+-----
Dodging        | 1 2 |  2.1
Armour         | 2 |  2.7
Fighting       | 4 |  4.2
Unarmed Combat | 3 |  3.3
Invocations    | 3 |  3.2

Action                   |  1- 3 |  4- 6 || total
-------------------------+-------+-------++-------
Melee: Unarmed           |   179 |    93 ||   272
       Punch             |       |     1 ||     1
Invok: Depart the Abyss  |     1 |       ||     1
       Bend Space        |       |     1 ||     1
  Use: Scroll            |     2 |       ||     2
       Potion            |       |     4 ||     4
  Eat: Chunk             |     4 |     8 ||    12
Armor: Leather armour    |    28 |       ||    28
       Scale mail        |    29 |    36 ||    65
Dodge: Dodged            |    92 |    50 ||   142

Table legend:
 A = Spawn XP
 B = Non-spawn XP
 C = Spawn XP percentage of total XP
 D = Spawn monster count
 E = Non-spawn monster count
 F = Spawn count percentage of total count
 G = Total turns spent on level
                    A         B        C        D         E        F      G
               +---------+---------+-------+---------+---------+-------+---------
         Total |       0 |     262 |   0.0 |       0 |      62 |   0.0 |  3167
               +---------+---------+-------+---------+---------+-------+---------
           D:1 |       0 |      40 |   0.0 |       0 |      23 |   0.0 |  1080
           D:2 |       0 |      65 |   0.0 |       0 |      23 |   0.0 |  1060
           D:3 |       0 |     104 |   0.0 |       0 |      13 |   0.0 |   637
           D:4 |       0 |      53 |   0.0 |       0 |       3 |   0.0 |   327
               +---------+---------+-------+---------+---------+-------+---------
